 Dungeon Crawl Stone Soup version 0.22-a0-348-gd16d139 (webtiles) character file.

327 vishdafish the Charmwright (level 6, 0/47 HPs)
             Began as a Demonspawn Skald on Apr 11, 2018.
             Succumbed to a worker ant's poison
             ... on level 3 of the Dungeon.
             The game lasted 00:05:46 (3242 turns).

vishdafish the Charmwright (Demonspawn Skald)       Turns: 3242, Time: 00:05:47

Health: 0/47       AC:  4    Str: 11    XL:     6   Next: 24%
Magic:  9/10       EV: 12    Int: 16    God:
Gold:   96         SH:  0    Dex: 13    Spells: 8/11 levels left

rFire    . . .     SeeInvis +   a - +0 falchion
rCold    + . .     Gourm    .   (no shield)
rNeg     . . .     Faith    .   b - +0 leather armour
rPois    .         Spirit   +   (helmet restricted)
rElec    .         Reflect  .   (no cloak)
rCorr    .         Harm     .   e - +0 pair of gloves
MR       .....                  (no boots)
Stlth    +.........             (no amulet)
HPRegen  0.15/turn              i - ring of see invisible
MPRegen  0.12/turn              (no ring)

@: lethally poisoned (0 -> -6), flying
A: horns 1, cold resistance 1, magic shield
a: no special abilities


You were on level 3 of the Dungeon.
You were hungry.

You visited 1 branch of the dungeon, and saw 3 of its levels.

You collected 96 gold pieces.

Inventory:

Hand Weapons
 a - a +0 falchion (weapon)
Missiles
 g - 4 javelins (quivered)
Armour
 b - a +0 leather armour (worn)
 e - a +0 pair of gloves (worn)
Jewellery
 i - a ring of see invisible (left hand)
Wands
 c - a wand of random effects (31)
 h - a wand of flame (59)
Scrolls
 f - a scroll of noise {unknown}
 j - a scroll of teleportation {unknown}
Comestibles
 d - 6 rations


   Skills:
 + Level 3.2 Fighting
 + Level 2.6 Long Blades
 + Level 2.3 Armour
 + Level 2.8 Dodging
 - Level 0.2 Stealth
 + Level 3.0 Spellcasting
 + Level 3.7 Charms


You had 8 spell levels left.
You knew the following spells:

 Your Spells              Type           Power        Failure   Level  Hunger
a - Infusion              Chrm           ##..         5%          1    #......
b - Song of Slaying       Chrm           ##......     8%          2    ##.....


Dungeon Overview and Level Annotations

Branches:
Dungeon (3/15)

Altars:
Fedhas
Kikubaaqudgha
Zin

Annotations:
D:3 Grinder


Innate Abilities, Weirdness & Mutations

You have a pair of small horns on your head.
Your flesh is cold resistant. (rC+)
When hurt, damage is shared between your health and your magic reserves.


Message History

* * * LOW HITPOINT WARNING * * *
You feel sick.
You aren't carrying any potions.
* * * LOW HITPOINT WARNING * * *
You feel sick.
* * * LOW HITPOINT WARNING * * *
You feel sick.
* * * LOW HITPOINT WARNING * * *
You feel sick.
The goblin throws a tomahawk.
The tomahawk barely misses you.
You see here a tomahawk.
* * * LOW HITPOINT WARNING * * *
You feel sick.
* * * LOW HITPOINT WARNING * * *
You feel sick.
The worker ant bites you but does no damage.
* * * LOW HITPOINT WARNING * * *
You feel sick.
* * * LOW HITPOINT WARNING * * *
You feel sick.
You die...

.... #........<.....<.....
.... .................... )..
...........†......>. #..
##..####.†........5 #.s
##......[...?..... #..
##............... #..##
##............... #...##
##........#...#### ###((##
##@.>..(.....#..# ###...##
##................
#####......###a..........####
..J..g.#...(s............#
.####.##g.J####..........#
.....(.....# ########....
##..#.#.##.# ####
..(.#%####J# .## #J..##.##


You could see a worker ant and a giant cockroach.

Vanquished Creatures
  Sigmund (D:2)
  Natasha (thrice) (D:2)
  Robin (D:1)
  3 adders (D:2)
  A worm (D:2)
  A dart slug (D:2)
  3 leopard geckos
  A ball python (D:2)
  4 giant cockroaches
  11 goblins
  7 hobgoblins
  A quokka (D:1)
  3 bats
  3 frilled lizards
  7 kobolds
  4 rats
54 creatures vanquished.

Notes
Turn   | Place    | Note
-------+----------+-------------------------------------------
     0 | D:1      | vishdafish the Demonspawn Skald began the quest for the Orb.
     0 | D:1      | Reached XP level 1. HP: 16/16 MP: 3/3
   526 | D:1      | Gained mutation: Your flesh is cold resistant. (rC+) [demonic ancestry]
   526 | D:1      | Reached XP level 2. HP: 20/22 MP: 5/5
   868 | D:1      | Learned a level 2 spell: Song of Slaying
  1185 | D:2      | Reached skill level 1 in Armour
  1194 | D:2      | Noticed Sigmund
  1601 | D:2      | Reached XP level 3. HP: 27/28 MP: 1/6
  1734 | D:3      | Noticed Grinder
  1734 | D:3      | Paralysed by Grinder for 7 turns
  1791 | D:2      | Killed Sigmund
  1791 | D:2      | Gained mutation: You have a pair of small horns on your head. [demonic ancestry]
  1791 | D:2      | Reached XP level 4. HP: 17/34 MP: 6/8
  1791 | D:2      | Gained mutation: When hurt, damage is shared between your health and your magic reserves. [demonic ancestry]
  1791 | D:2      | Reached XP level 5. HP: 20/40 MP: 6/9
  2028 | D:2      | Noticed Robin
  2307 | D:1      | Killed Robin
  2627 | D:2      | Noticed Natasha
  2634 | D:2      | Killed Natasha
  2657 | D:2      | Found a blossoming altar of Fedhas.
  2658 | D:2      | Noticed Natasha
  2667 | D:2      | Killed Natasha
  2667 | D:2      | Reached XP level 6. HP: 23/47 MP: 5/10
  2807 | D:2      | Found a glowing silver altar of Zin.
  2809 | D:2      | Found an ancient bone altar of Kikubaaqudgha.
  2811 | D:2      | Noticed Natasha
  2824 | D:2      | Killed Natasha
  3240 | D:3      | HP: 2/47 [poisoned by a worker ant]
  3242 | D:3      | Succumbed to a worker ant's poison

Vault maps used:
D:1:      lemuel_arrival_muddy
D:2:      fedhas_altar_fruit_tree, chequers_temple_overflow_statue_of_worship,
          serial_bayou_pond_b, uniq_natasha, uniq_sigmund, uniq_robin
D:3:      first_ration, nemelex_lonely_heart_becter, uniq_ijyb, uniq_grinder

Skill      XL: |  1  2  3  4  5  6 |
---------------+-------------------+-----
Charms         | 3 |  3.7
Armour         | 1 2 |  2.3
Dodging        | 2 |  2.8
Long Blades    | 2 |  2.6
Fighting       | 3 |  3.2
Spellcasting   | 3 |  3.0
Stealth        | |  0.2

Action                   |  1- 3 |  4- 6 || total
-------------------------+-------+-------++-------
Melee: Falchion          |    85 |    89 ||   174
       Headbutt          |       |    10 ||    10
Throw: Javelin           |    10 |     3 ||    13
 Cast: Infusion          |     1 |     3 ||     4
  Use: Potion            |     2 |     1 ||     3
       Scroll            |     1 |       ||     1
 Stab: Sleeping          |     1 |       ||     1
  Eat: Chunk             |     2 |     5 ||     7
Armor: Leather armour    |    25 |    21 ||    46
       Skin              |    22 |       ||    22
Dodge: Dodged            |    70 |    98 ||   168
       Rpst.: Falchion   |    17 |    31 ||    48

Table legend:
 A = Spawn XP
 B = Non-spawn XP
 C = Spawn XP percentage of total XP
 D = Spawn monster count
 E = Non-spawn monster count
 F = Spawn count percentage of total count
 G = Total turns spent on level
                    A         B        C        D         E        F      G
               +---------+---------+-------+---------+---------+-------+---------
         Total |       0 |     468 |   0.0 |       0 |      54 |   0.0 |  3242
               +---------+---------+-------+---------+---------+-------+---------
           D:1 |       0 |      43 |   0.0 |       0 |      18 |   0.0 |  1824
           D:2 |       0 |     417 |   0.0 |       0 |      32 |   0.0 |  1349
           D:3 |       0 |       8 |   0.0 |       0 |       4 |   0.0 |    69
               +---------+---------+-------+---------+---------+-------+---------
